 Dungeon Crawl Stone Soup version 0.31-a0-7-g51783674b7 (webtiles) character file.

Game seed: 16937707015529896001

66 Kuronicle the Covered (level 3, -4/45 HPs)
             Began as a Demigod Fighter on May 5, 2023.
             Slain by Ijyb
             ... wielding a +3 club
              (6 damage)
             ... on level 3 of the Dungeon.
             The game lasted 00:09:11 (2231 turns).

Kuronicle the Covered (Demigod Fighter)             Turns: 2231, Time: 00:09:12

Health: -4/45      AC: 11    Str: 17    XL:     3   Next: 69%
Magic:  7/7        EV:  7    Int: 10    God:
Gold:   137        SH:  0    Dex: 23    Spells: 4/4 levels left

rFire   . .          .
                       - Unarmed
rCold   . . .        (no shield)
rNeg    . . .        c - +0 plate armour
rPois   .            (no helmet)
rElec   .            (no cloak)
rCorr   +            (no gloves)
SInv    +            (no boots)
Will    .....        f - amulet of the acrobat Stlth
                     h - +6 ring of dexterity
HPRegen 0.27/turn    r - ring of resist corrosion
MPRegen 0.10/turn

%: acrobat
@: berserking, very quick
A: high MP 1, forlorn, divine attributes, see invisible, deterioration 1, sturdy
frame 1
a: no special abilities


You were on level 3 of the Dungeon.
You visited 1 branch of the dungeon, and saw 3 of its levels.

You collected 137 gold pieces.

Inventory:

Armour
 a - a +0 scale mail
 b - a +0 buckler
 c - a +0 plate armour (worn)
 l - the +3 robe of the Old and Reckless {-Tele rPois rC++ rCorr}
   (You found it on level 3 of the Dungeon)

   rC:        It greatly protects you from cold.
   rPois:     It protects you from poison.
   -Tele:     It prevents most forms of teleportation.
   rCorr:     It protects you from acid and corrosion.
Magical Staves
 p - a staff of conjuration
Jewellery
 f - an amulet of the acrobat (around neck)
 h - a +6 ring of dexterity (left hand)
 r - a ring of resist corrosion (right hand)
Scrolls
 j - 2 scrolls of fog {unknown}
 k - a scroll of enchant weapon {unknown}
 m - a scroll of brand weapon {unknown}
 o - a scroll of poison {unknown}
 s - a scroll of vulnerability {unknown}
 t - a scroll of fear {unknown}
 u - a scroll of enchant armour {unknown}
Potions
 d - 2 potions of magic
 e - a potion of heal wounds {unknown}
 i - a potion of brilliance
 n - 2 potions of curing
 v - a potion of haste {unknown}


   Skills:
 + Level 2.8 Fighting
 + Level 3.0 Armour
 * Level 1.2 Dodging
 * Level 1.1 Stealth
 - Level 2.8 Shields
 + Level 2.2 Unarmed Combat
 * Level 1.2 Spellcasting


You had 4 spell levels left.
You didn't know any spells.
Your spell library contained the following spells:

 Spells                   Type           Power      Damage    Failure   Level
 Sublimation of Blood     Necr           0%         N/A       100%        2
 Petrify                  Tmut/Erth      0%         N/A       100%        4
 Irradiate                Conj/Tmut      0%         3d11      100%        5


Dungeon Overview and Level Annotations

Branches:
Dungeon (3/15)

Annotations:
D:3 Ijyb


Innate Abilities, Weirdness & Mutations

You have an increased reservoir of magic. (+10% MP)
You shall have no god before yourself.
Your divine heritage dramatically boosts your attributes as you level up.
You have supernaturally acute eyesight. (SInv)
Your body sometimes deteriorates upon taking damage.
Your movements are slightly less encumbered by armour. (ER -2)


Message History

The orc attacks as you move away! The orc hits you but does no damage.
Ijyb zaps a wand.
The bolt of dispelling energy misses you.
You barely miss the orc. Your punch misses the orc.
The orc hits you with a +0 flail!
You hit the orc.
The orc is heavily wounded.
The orc hits you with a +0 flail.
You barely miss the orc.
The orc is heavily wounded.
The orc hits you but does no damage.
You hit the orc.
The orc is almost dead.
The orc hits you with a +0 flail!
You hit the orc but do no damage.
The orc is almost dead.
The orc hits you with a +0 flail.
You hit the orc.
You kill the orc!
You hit Ijyb.
Ijyb is lightly wounded.
Ijyb hits you but does no damage.
You closely miss Ijyb.
Ijyb is lightly wounded.
Ijyb zaps a wand.
The bolt of dispelling energy hits you.
* * * LOW HITPOINT WARNING * * *
You hit Ijyb but do no damage.
Ijyb is lightly wounded.
Ijyb hits you but does no damage.
You hit Ijyb.
Ijyb is moderately wounded.
Ijyb hits you with a +3 club.
* * * LOW HITPOINT WARNING * * *
A red film seems to cover your vision as you go berserk!
You feel yourself moving faster!
You feel mighty! Ijyb hits you with a +3 club.
* * * LOW HITPOINT WARNING * * *
You hit Ijyb.
Ijyb is severely wounded.
Ijyb hits you with a +3 club.
You die...

.... .... #...
#... ### #####
#..?$..#......
.#....#.#......
...............
#>####g####
#.....@...##
#.####+##..###
.. #........##
.<.#.........#
...#.........#
.......♣♣...#
........♣...##
##.#.....♣...#
#.#...♣.....#


You could see Ijyb.

Vanquished Creatures
  2 adders
  A worm (D:2)
  A dart slug (D:3)
  2 orcs (D:3)
  3 endoplasms
  2 giant cockroaches (D:2)
  4 goblins
  6 hobgoblins
  3 kobolds
  2 quokkas
  3 ball pythons
  5 bats
  A frilled lizard (D:2)
  4 rats
39 creatures vanquished.

Notes
Turn   | Place    | Note
-------+----------+-------------------------------------------
     0 | D:1      | Kuronicle the Demigod Fighter began the quest for the Orb.
     0 | D:1      | Reached XP level 1. HP: 18/18 MP: 3/3
    18 | D:1      | Noticed an electric eel
   435 | D:1      | Reached XP level 2. HP: 25/25 MP: 4/4
  1179 | D:2      | Reached skill level 1 in Dodging
  1407 | D:2      | Reached XP level 3. HP: 25/30 MP: 6/6
  1609 | D:2      | Reached skill level 1 in Spellcasting
  1855 | D:3      | Reached skill level 3 in Armour
  1865 | D:3      | Reached skill level 1 in Stealth
  1975 | D:3      | Gained mutation: You occasionally lose the ability to read
                  | scrolls when taking damage. [potion of mutation]
  1975 | D:3      | Gained mutation: Your flesh is cold resistant. (rC+)
                  | [potion of mutation]
  2034 | D:3      | Lost mutation: Your flesh is cold resistant. (rC+) [potion
                  | of mutation]
  2034 | D:3      | Lost mutation: You occasionally lose the ability to read
                  | scrolls when taking damage. [potion of mutation]
  2034 | D:3      | Gained mutation: Your body sometimes deteriorates upon
                  | taking damage. [potion of mutation]
  2034 | D:3      | Gained mutation: You have supernaturally acute eyesight.
                  | (SInv) [potion of mutation]
  2034 | D:3      | Gained mutation: Your movements are slightly less
                  | encumbered by armour. (ER -2) [potion of mutation]
  2038 | D:3      | Identified the +3 robe of the Old and Reckless {-Tele rPois
                  | rC++ rCorr}
  2211 | D:3      | Noticed Ijyb
  2230 | D:3      | HP: 2/45 [Ijyb/+3 club (4)]
  2231 | D:3      | Slain by Ijyb

Illustrated notes

Levels and vault maps discovered:
D:1:      arrival_aquarium_a, layout_basic, basic_ecumenical_altar,
          minmay_liquid_box, chequers_serial_rivers_micro_a,
          hangedman_abyss_or_decor_lesser_grid, minivault_23,
          lemuel_flame_loot_1
D:2:      kb_forest_paths, layout_loops_ring
D:3:      layout_basic, fedhas_altar_2, chequers_garden, uniq_ijyb

Skill      XL: |  1  2  3 |
---------------+----------+-----
Unarmed Combat | 2 |  2.2
Dodging        | 1 |  1.2
Spellcasting   | 1 |  1.2
Armour         | 3 |  3.0
Stealth        | 1 |  1.1
Fighting       | |  2.8
Shields        | |  2.8

Action                     || total
---------------------------++-------
  Melee: Unarmed           ||   211
         Punch             ||     1
    Use: Scroll            ||     6
         Potion            ||     6
 Armour: Scale mail        ||    20
         Plate armour      ||    80
  Dodge: Dodged            ||    78
  Block: Buckler           ||    24

Table legend: (Time is in decaauts)
 A = Elapsed time spent in this place.
 B = Non-inter-level travel time spent in this place.
 C = Inter-level travel time spent in this place.
 D = Time resting spent in this place.
 E = Time spent auto-exploring this place.
 F = Levels seen in this place.
 G = Mean time per level.
                   A        B        C        D        E       F      G
               +--------+--------+--------+--------+--------+-----+--------+
         Total |   2226 |   2132 |     94 |      0 |   1295 |   3 |  742.0 |
       Dungeon |   2226 |   2132 |     94 |      0 |   1295 |   3 |  742.0 |
               +--------+--------+--------+--------+--------+-----+--------+

Top non-repeatable levels by time:
     D:2: 982 daAuts
     D:1: 731 daAuts
     D:3: 513 daAuts
